 Dungeon Crawl Stone Soup version 0.22.1-2-g9c5b331 (webtiles) character file.

49 nightchill the Ruffian (level 3, 0/31 HPs)
             Began as a Ghoul Warper on Nov 26, 2018.
             Slain by an adder (2 damage)
             ... on level 2 of the Dungeon.
             The game lasted 00:02:38 (1612 turns).

nightchill the Ruffian (Ghoul Warper)               Turns: 1612, Time: 00:02:39

Health: 0/31       AC:  3    Str: 14    XL:     3   Next: 77%
Magic:  4/4        EV: 11    Int:  9    God:
Gold:   78         SH:  0    Dex:  8    Spells: 5/5 levels left

rFire    . . .     SeeInvis .     - Unarmed
rCold    + . .     Gourm    .   (no shield)
rNeg     + + +     Faith    .   a - +0 leather armour
rPois    ∞         Spirit   .   (no helmet)
rElec    .         Reflect  .   (no cloak)
rCorr    .         Harm     .   (no gloves)
MR       .....                  (no boots)
Stlth    +.........             (no amulet)
HPRegen  0.00/turn              (no ring)
MPRegen  0.09/turn              (no ring)

@: flying, rotting
A: rotting body, claws 1, carnivore, cold resistance 1, negative energy
resistance 3, inhibited regeneration, torment resistance, unbreathing
a: no special abilities


You were on level 2 of the Dungeon.
You were not hungry.

You visited 1 branch of the dungeon, and saw 3 of its levels.

You collected 78 gold pieces.

Inventory:

Missiles
 d - 5 tomahawks of dispersal (quivered)
 i - 73 stones
 j - 22 poisoned needles
Armour
 a - a +0 leather armour (worn)
 k - a +1 helmet
Scrolls
 b - 3 scrolls of amnesia {unknown}
 c - 2 scrolls of blinking
 e - 4 scrolls of remove curse {unknown}
 h - 2 scrolls of identify {unknown}
Comestibles
 f - 3 rations


   Skills:
 + Level 3.0 Fighting
 - Level 0.8 Throwing
 - Level 0.8 Armour
 - Level 1.7 Dodging
 * Level 3.8 Unarmed Combat
 - Level 1.7 Spellcasting
   Level 2.6 Translocations


You had 5 spell levels left.
You didn't know any spells.
Your spell library contained the following spells:

 Spells                   Type           Power        Failure   Level  Hunger
 Blink                    Tloc           N/A          22%         2    ###....
 Shroud of Golubria       Chrm/Tloc      #.........   36%         2    ###....
 Gell's Gravitas          Tloc           #.........   38%         3    ####...
 Lesser Beckoning         Tloc           #.........   38%         3    ####...
 Teleport Other           Tloc           #.......     38%         3    ####...
 Passage of Golubria      Tloc           N/A          80%         4    #####..


Dungeon Overview and Level Annotations

Branches:
Dungeon (3/15)

Altars:


Innate Abilities, Weirdness & Mutations

Your body is rotting away.
You thrive on raw meat.
You are immune to poison.
You have sharp fingernails.
You are carnivorous and can eat meat at any time.
Your flesh is cold resistant. (rC+)
You are immune to negative energy. (rN+++)
You do not regenerate when monsters are visible.
You are immune to unholy pain and torment.
You can survive without breathing.


Message History

You kill the kobold!
The adder bites you.
* * * LOW HITPOINT WARNING * * *
The adder bites you.
* * * LOW HITPOINT WARNING * * *
You claw the adder!
The adder is heavily wounded.
The adder closely misses you.
You scratch the adder but do no damage.
The adder is heavily wounded.
The adder bites you.
* * * LOW HITPOINT WARNING * * *
Okay, then.
It was a potion of flight.
You feel very buoyant.
You fly up into the air.
The adder barely misses you.
You scratch the adder.
The adder is severely wounded.
The adder bites you.
You die...

#.#..................#
#.#
#.#..########.######.#
#.# ####.#..# #.# #.#
#.# .....#..# #.# #.#
#.# ######..## #.# #.#
#.# .........# #.# #.#
#.# ######...# #.# #.#
#.# ###......#######)#
#.# #.#
...............S@#
#.#######.#
###.#....#########
#.........# ###.#....#
########### .........#
###.###..# .........#
###.####.# .........#
###.######


You could see an adder.

Vanquished Creatures
  3 adders (D:2)
  2 giant cockroaches (D:2)
  4 hobgoblins
  5 kobolds
  A bat (D:2)
  A frilled lizard (D:2)
  2 goblins (D:1)
  5 rats
23 creatures vanquished.

Notes
Turn   | Place    | Note
-------+----------+-------------------------------------------
     0 | D:1      | nightchill the Ghoul Warper began the quest for the Orb.
     0 | D:1      | Reached XP level 1. HP: 17/17 MP: 2/2
   681 | D:1      | Reached XP level 2. HP: 25/25 MP: 3/3
  1043 | D:2      | Reached XP level 3. HP: 16/30 MP: 4/4
  1612 | D:2      | Slain by an adder

Skill      XL: |  1  2  3 |
---------------+----------+-----
Unarmed Combat | 3 |  3.8
Fighting       | 3 |  3.0
Throwing       | |  0.8
Armour         | |  0.8
Dodging        | |  1.7
Spellcasting   | |  1.7
Translocations | |  2.6

Action                   || total
-------------------------++-------
Melee: Unarmed           ||    93
       Punch             ||     1
  Use: Potion            ||     1
  Eat: Chunk             ||    15
Armor: Leather armour    ||    21
Dodge: Dodged            ||    62
